 Dungeon Crawl Stone Soup version 0.31-b1-17-gcfd88c8481 (webtiles) character file.

Game seed: 2624228225860770166

660 Aldia the Scholar of Death (level 7, 0/52 HPs)
             Began as a Mummy Necromancer on Jan 15, 2024.
             Was a Follower of Kikubaaqudgha.
             Incinerated by a bombardier beetle (6 damage)
             ... with a burning spray
             ... on level 5 of the Dungeon.
             The game lasted 00:11:00 (3441 turns).

Aldia the Scholar of Death (Mummy Necromancer)      Turns: 3441, Time: 00:11:00

Health: 0/52       AC: 12    Str:  8    XL:     7   Next: 30%
Magic:  14/14      EV:  8    Int: 22    God:    Kikubaaqudgha [*.....]
Gold:   122        SH:  0    Dex: 12    Spells: 5/16 levels left

rFire   x . .        o - +1 falchion (drain)
rCold   + + .        (no shield)
rNeg    + + +        k - +6 scale mail "Uckuptiq" {rPois rC+ Str-3 Int+5}
rPois   ∞            (no helmet)
rElec   .            (no cloak)
rCorr   .            (no gloves)
SInv    .            (no boots)
Will    .....        (no amulet) Stlth
                     (no ring)
HPRegen 0.28/turn    (no ring)
MPRegen 0.14/turn

%: faith
@: on fire, glowing
A: cold resistance 1, negative energy resistance 3, torment resistance 2, heat
vulnerability 1, in touch with death 1, no potions, faith
a: Renounce Religion, Unearth Wretches


You were on level 5 of the Dungeon.
You worshipped Kikubaaqudgha.
Kikubaaqudgha was aware of your devotion.
You visited 1 branch of the dungeon, and saw 5 of its levels.

You collected 122 gold pieces.

Inventory:

Hand Weapons
 b - a +0 vampiric dagger
 g - a +2 trident of venom
 o - a +1 falchion of draining (weapon)
Missiles
 f - 8 atropa-tipped darts
Armour
 a - a +0 robe
 k - the +6 scale mail "Uckuptiq" (worn) {rPois rC+ Str-3 Int+5}
   (You found it on level 3 of the Dungeon)

   Str-3:     It affects your strength (-3).
   Int+5:     It affects your intelligence (+5).
   rC+:       It protects you from cold.
   rPois:     It protects you from poison
 q - a +0 buckler
Jewellery
 h - an amulet of guardian spirit
Wands
 n - a wand of paralysis (4)
Scrolls
 c - 2 scrolls of fear
 d - a scroll of fog
 e - a scroll of torment {unknown}
 i - 2 scrolls of enchant armour {unknown}
 j - a scroll of vulnerability {unknown}
 l - a scroll of revelation {unknown}
 m - a scroll of teleportation {unknown}
 p - a scroll of identify
 r - a scroll of amnesia {unknown}


   Skills:
 + Level 3.3 Fighting
 - Level 0.9 Polearms
 + Level 1.3 Armour
 - Level 2.2 Dodging
 - Level 2.0 Stealth
 + Level 0.9 Shields
 + Level 5.0 Spellcasting
 + Level 6.2 Necromancy


You had 5 spell levels left.
You knew the following spells:

 Your Spells              Type           Power      Damage    Failure   Level
a - Necrotise             Necr           100%       1d9       8%          1
b - Vampiric Draining     Necr           49%        2d9       22%         3
c - Animate Dead          Necr           49%        N/A       58%         4
d - Fugue of the Fallen   Necr           49%        N/A       22%         3

Your spell library contained the following spells:

 Spells                   Type           Power      Damage    Failure   Level
 Cigotuvi's Dreadful Rot  Necr/Alch/Air  44%        N/A       54%         2
 Curse of Agony           Necr           49%        N/A       91%         5


Dungeon Overview and Level Annotations

Branches:
Dungeon (5/15)
 Temple: D:4-7

Altars:
Kikubaaqudgha
Trog
Xom


Innate Abilities, Weirdness & Mutations

You are immune to poison.
Your flesh is cold resistant. (rC+)
You are immune to negative energy. (rN+++)
You are immune to unholy pain and torment.
You are vulnerable to heat. (rF-)
You are in touch with the powers of death.
You do not drink.
You have a special connection with the divine. (Faith)


Message History

You hit the bombardier beetle but do no damage.
The bombardier beetle barely misses you.
You barely miss the bombardier beetle.
The bombardier beetle sprays incendiary fluid at you.
The burning spray hits you.
You are covered in liquid fire!
You barely miss the bombardier beetle. The liquid fire burns you!
You hit the bombardier beetle.
The bombardier beetle is moderately wounded.
The liquid fire burns you! The bombardier beetle bites you.
You barely miss the bombardier beetle.
The bombardier beetle is moderately wounded.
The liquid fire burns you!
The bombardier beetle bites you but does no damage.
You hit the bombardier beetle.
The bombardier beetle is heavily wounded.
The liquid fire burns you!
The bombardier beetle bites you but does no damage.
You are too injured to fight recklessly!
You closely miss the bombardier beetle.
The bombardier beetle is heavily wounded.
The liquid fire burns you!
You hit the bombardier beetle but do no damage.
You drain the bombardier beetle.
The bombardier beetle is severely wounded.
The liquid fire burns you!
* * * LOW HITPOINT WARNING * * *
The bombardier beetle misses you.
You hit the bombardier beetle. You drain the bombardier beetle.
You kill the bombardier beetle!
Kikubaaqudgha accepts your kill. The liquid fire burns you!
* * * LOW HITPOINT WARNING * * *
Your Spellcasting skill increases to level 5!
You shake off some of the fire as you move.
The liquid fire burns you!
You die...
Kikubaaqudgha rasps: "You have failed me!
Welcome... oblivion!"

.? .# .# ##.
... #.####
#....##
##...####
#####!@.....+
#........####
#.....<.##
#.......#
#.......#
#.......#
#.......#
#<......#
####.####


There were no monsters in sight!

Vanquished Creatures
  Grinder (D:3)
  A black bear (D:4)
  2 scorpions (D:4)
  A bombardier beetle (D:5)
  A jelly (D:4)
  Natasha (D:3)
  An orc wizard (D:1)
  4 adders
  3 gnolls (D:2)
  2 dart slugs
  A ribbon worm (D:4)
  7 orcs
  4 bats (D:1)
  2 bat zombies (D:3)
  4 endoplasms
  2 giant cockroaches
  6 hobgoblins
  4 quokkas
  4 ball pythons
  3 frilled lizards
  3 frilled lizard zombies (D:3)
  7 goblins
  4 kobolds
  3 rats (D:1)
71 creatures vanquished.

Vanquished Creatures (collateral kills)
  An orc (D:2)
1 creature vanquished.

Grand Total: 72 creatures vanquished

Notes
Turn   | Place    | Note
-------+----------+-------------------------------------------
     0 | D:1      | Aldia the Mummy Necromancer began the quest for the Orb.
     0 | D:1      | Reached XP level 1. HP: 13/13 MP: 4/4
   211 | D:1      | Reached XP level 2. HP: 20/20 MP: 0/5
  1029 | D:2      | Reached skill level 1 in Fighting
  1029 | D:2      | Reached XP level 3. HP: 26/26 MP: 1/7
  1245 | D:1      | Learned a level 3 spell: Vampiric Draining
  1362 | D:1      | Reached XP level 4. HP: 18/32 MP: 9/9
  1438 | D:2      | Learned a level 4 spell: Animate Dead
  1892 | D:3      | Reached skill level 5 in Necromancy
  1944 | D:3      | Found a bloodstained altar of Trog.
  2060 | D:3      | Noticed Grinder
  2132 | D:3      | Paralysed by Grinder for 5 turns
  2144 | D:3      | Killed Grinder
  2145 | D:3      | Reached XP level 5. HP: 36/39 MP: 9/11
  2145 | D:3      | Reached XP level 6. HP: 42/46 MP: 9/12
  2221 | D:3      | Found a shimmering altar of Xom.
  2349 | D:3      | Identified the +6 scale mail "Uckuptiq" {rPois rC+ Str-3
                  | Int+5}
  2501 | D:3      | Found an ancient bone altar of Kikubaaqudgha.
  2511 | D:3      | Became a worshipper of Kikubaaqudgha
  2651 | D:4      | Reached skill level 6 in Necromancy
  2719 | D:3      | Noticed Natasha
  2723 | D:3      | Killed Natasha
  3189 | D:4      | Reached skill level 1 in Armour
  3189 | D:4      | Reached XP level 7. HP: 51/52 MP: 12/14
  3361 | D:4      | Reached * piety under Kikubaaqudgha
  3361 | D:4      | Received a gift from Kikubaaqudgha
  3375 | D:4      | Learned a level 3 spell: Fugue of the Fallen
  3427 | D:5      | Entered Level 5 of the Dungeon
  3441 | D:5      | Reached skill level 5 in Spellcasting
  3441 | D:5      | Incinerated by a bombardier beetle

Illustrated notes

Levels and vault maps discovered:
D:1:      dpeg_arrival_tiny_a, layout_basic, minmay_misc_feat_iff,
          minmay_close_crescents
D:2:      layout_rooms
D:3:      layout_rooms, bloody_trog, lemuel_zombie_altar_kikubaaqudgha,
          nicolae_overflow_hidden_temple, uniq_grinder, uniq_natasha
D:4:      layout_gridville, nicolae_the_louvre
D:5:      layout_loops_corners, serial_rivers, chequers_serial_rivers_small_a,
          chequers_serial_rivers_micro_b, chequers_serial_rivers_large_b,
          chequers_serial_rivers_small_3, chequers_serial_rivers_micro_d

Skill      XL: |  1  2  3  4  5  6  7 |
---------------+----------------------+-----
Spellcasting   | 3 4 5 |  5.0
Fighting       | 1 2 3 |  3.3
Dodging        | 2 |  2.2
Necromancy     | 5 6 |  6.2
Stealth        | 2 |  2.0
Armour         | 1 |  1.3
Polearms       | |  0.9
Shields        | |  0.9

Action                     |  1- 3 |  4- 6 |  7- 9 || total
---------------------------+-------+-------+-------++-------
  Melee: Dagger            |     8 |       |       ||     8
         Trident           |    12 |    73 |       ||    85
         Falchion          |       |     8 |    23 ||    31
   Cast: Necrotise         |    58 |    30 |       ||    88
    Use: Scroll            |       |     2 |       ||     2
   Stab: Sleeping          |     1 |       |       ||     1
 Armour: Robe              |    16 |     6 |       ||    22
         Scale mail        |       |    60 |    18 ||    78
  Dodge: Dodged            |    20 |    44 |     7 ||    71
